 Dungeon Crawl Stone Soup version 0.27-a0-277-g024f7ef292 (webtiles) character file.

Game seed: 2986331617254593383

297 siradein the Slasher (level 6, 0/27 HPs)
             Began as a Vampire Fighter on Feb 5, 2021.
             Slain by a scorpion (3 damage)
             ... on level 3 of the Dungeon.
             The game lasted 00:07:23 (3088 turns).

siradein the Slasher (Vampire Fighter)              Turns: 3088, Time: 00:07:23

Health: 0/27       AC: 13    Str: 16    XL:     6   Next: 12%
Magic:  6/6        EV:  4    Int: 11    God:
Gold:   171        SH:  8    Dex: 14    Spells: 5/5 levels left

rFire    . . .     SeeInvis +   a - +0 long sword
rCold    + + .     Faith    .   c - +0 kite shield
rNeg     + + +     Spirit   .   j - +0 chain mail
rPois    ∞         Reflect  .   l - +2 helmet
rElec    .         Harm     .   (no cloak)
rCorr    .         Rampage  .   (no gloves)
Will     .....                  q - +0 pair of boots
Stlth    ..........             (no amulet)
HPRegen  0.00/turn              (no ring)
MPRegen  0.10/turn              (no ring)

@: lethally poisoned (0 -> 0), bloodless
A: fangs 3, see invisible, [frail 2], unbreathing
a: Bat Form, Revivify


You were on level 3 of the Dungeon.
You visited 1 branch of the dungeon, and saw 4 of its levels.

You collected 171 gold pieces.

Inventory:

Hand Weapons
 a - a +0 long sword (weapon)
Armour
 c - a +0 kite shield (worn)
 j - a +0 chain mail (worn)
 l - a +2 helmet (worn)
 q - a +0 pair of boots (worn)
Jewellery
 b - an uncursed ring of willpower {unknown}
Scrolls
 g - 4 scrolls of teleportation
 h - 2 scrolls of identify
 m - 2 scrolls of enchant armour {unknown}
 n - 2 scrolls of blinking {unknown}
 o - a scroll of enchant weapon {unknown}
 r - 2 scrolls of fog {unknown}
 s - a scroll of remove curse
Potions
 d - 3 potions of might
 e - 4 potions of curing {unknown}
 f - a potion of magic {unknown}
 i - a potion of brilliance {unknown}
 k - a potion of heal wounds {unknown}
 p - a potion of lignification {unknown}


   Skills:
 - Level 2.6 Fighting
 + Level 6.5 Long Blades
 - Level 2.4 Armour
 - Level 2.6 Shields


You had 5 spell levels left.
You didn't know any spells.
Your spell library contained the following spells:

 Spells                   Type           Power        Failure   Level
 Beastly Appendage        Tmut           0%           100%        1
 Wereblood                Tmut           0%           100%        2
 Spider Form              Tmut/Pois      0%           100%        3
 Ice Form                 Ice/Tmut       0%           100%        4
 Blade Hands              Tmut           0%           100%        5


Dungeon Overview and Level Annotations

Branches:
Dungeon (4/15)
 Temple: D:4-7

Altars:
Cheibriados
Elyvilon


Innate Abilities, Weirdness & Mutations

You do not regenerate when monsters are visible.
You are frail without blood (-20% HP).
You can heal yourself when you bite living creatures.
You are immune to poison.
You have razor-sharp teeth.
You have supernaturally acute eyesight. (SInv)
You can survive without breathing.
[You are very frail. (-20% HP)]


Message History

The scorpion is heavily wounded.
The scorpion stings you but does no damage.
You hit the scorpion but do no damage.
The scorpion is heavily wounded.
The scorpion stings you.
* * * LOW HITPOINT WARNING * * *
The scorpion barely misses you.
You riposte.
You hit the scorpion but do no damage.
The scorpion is heavily wounded.
You closely miss the scorpion. You bite the scorpion.
The scorpion is severely wounded.
The scorpion stings you.
* * * LOW HITPOINT WARNING * * *
You hit the scorpion but do no damage. Your bite misses the scorpion.
The scorpion is severely wounded.
The scorpion stings you but does no damage.
You barely miss the scorpion.
The scorpion is severely wounded.
The scorpion stings you.
You die...

#################
#...............#
#.###.########### #.#
#.# #####.###.#
#######.........#######
...........>#..s......#
#######.....#.##@.###.#
######.###.####...####
#..........##≈≈...≈≈#
#..[........#≈..♣..≈##
##....................##
#..............♣._.♣...#
#......................#
#.#####'###..#≈..♣..≈#.#
#.##.........#≈≈...≈≈#.#


You could see a scorpion.

Vanquished Creatures
  A centaur (D:2)
  A centaur zombie (D:3)
  4 gnolls (D:2)
  5 adders
  An ooze (D:3)
  2 worms
  6 dart slugs
  A leopard gecko (D:1)
  2 ball pythons
  6 giant cockroaches
  7 goblins
  7 hobgoblins
  16 jackals
  2 quokkas
  7 bats
  5 frilled lizards
  5 kobolds
  8 rats
86 creatures vanquished.

Notes
Turn   | Place    | Note
-------+----------+-------------------------------------------
     0 | D:1      | siradein the Vampire Fighter began the quest for the Orb.
     0 | D:1      | Reached XP level 1. HP: 17/17 MP: 1/1
    88 | D:1      | Reached XP level 2. HP: 21/23 MP: 2/2
   143 | D:1      | Reached skill level 3 in Long Blades
   469 | D:1      | Reached XP level 3. HP: 19/22 MP: 3/3
   903 | D:2      | Reached skill level 4 in Long Blades
  1238 | D:2      | Reached XP level 4. HP: 23/30 MP: 4/4
  1410 | D:2      | Reached skill level 5 in Long Blades
  1626 | D:2      | Reached XP level 5. HP: 31/31 MP: 5/5
  1869 | D:2      | Noticed a centaur
  1887 | D:2      | Killed a centaur
  1888 | D:2      | Reached skill level 6 in Long Blades
  2178 | D:3      | Reached XP level 6. HP: 35/36 MP: 6/6
  2289 | D:3      | Found a snail-covered altar of Cheibriados.
  2443 | D:3      | Found a faded altar of an unknown god.
  2672 | D:3      | Found a white marble altar of Elyvilon.
  3088 | D:3      | Slain by a scorpion

Illustrated notes

Levels and vault maps discovered:
D:1:      dpeg_arrival_another_circle, layout_loops_ring
D:2:      layout_loops_ring
D:3:      layout_basic, kennysheep_slug_shrine,
          chequers_ecumenical_altar_island, elyvilon_altar_4
D:4:      layout_basic

Skill      XL: |  1  2  3  4  5 |
---------------+----------------+-----
Long Blades    | 3 4 5 6 |  6.5
Fighting       | |  2.6
Armour         | |  2.4
Shields        | |  2.6

Action                   |  1- 3 |  4- 6 || total
-------------------------+-------+-------++-------
Melee: Long sword        |   130 |   166 ||   296
       Bite              |     9 |    23 ||    32
 Abil: Exsanguinate      |     1 |     2 ||     3
       Revivify          |     1 |     1 ||     2
  Use: Scroll            |       |     2 ||     2
 Stab: Sleeping          |     5 |       ||     5
Armor: Scale mail        |    73 |    57 ||   130
       Chain mail        |       |    39 ||    39
Dodge: Dodged            |    42 |    33 ||    75
Block: Kite shield       |    63 |    82 ||   145
       Rpst.: Long sword |    10 |    13 ||    23

Table legend: (Time is in decaauts)
 A = Elapsed time spent in this place.
 B = Non-inter-level travel time spent in this place.
 C = Inter-level travel time spent in this place.
 D = Time resting spent in this place.
 E = Time spent auto-exploring this place.
 F = Levels seen in this place.
 G = Mean time per level.
                   A        B        C        D        E       F      G
               +--------+--------+--------+--------+--------+-----+--------+
         Total |   3219 |   3175 |     44 |      0 |   2334 |   4 |  804.8 |
       Dungeon |   3219 |   3175 |     44 |      0 |   2334 |   4 |  804.8 |
               +--------+--------+--------+--------+--------+-----+--------+

Top non-repeatable levels by time:
     D:2: 1289 daAuts
     D:3: 1097 daAuts
     D:1: 826 daAuts
     D:4: 5 daAuts
